AoeStats
← 812508893

Arena

510472012Analyzed
4v4 RM · 2d ago on Oct 1, 2026· 48m 8s· 8 players
Game mode
Random Map
Map size
Large (8 player)
Population
200
Speed
Normal
Resources
Standard
Victory
Conquest
Starting age
Dark Age
Ending age
Imperial Age
RankedLock teamsTeams togetherTeam positionsShared explorationLock speedFull tech treeHidden civsTurbo modeCheats
Victory
Defeat
🇨🇴 Britons · Colombia
1045
+11
🇺🇸 Spanish · United States
1024
+12
🇩🇪 Danes · Germany
1012
+13
🇸🇬 Huns · Singapore
869
+19
🇳🇿 Poles · New Zealand
978
-15
🇨🇳 Mongols · China
969
-15
🇺🇸 Huns · United States
911
-13
🇨🇳 Huns · China
887
-12
937402928
0:33 Loom
10:49 Feudal Age
14:32 Double-Bit Axe
14:29 Horse Collar
17:44 Castle Age
20:36 Bow Saw
21:58 Heavy Plow
31:02 Imperial Age
29:41 Wheelbarrow
28:54 Town Watch
29:22 Scale Barding Armor
29:09 Fletching
30:10 Marauders
30:37 Chain Barding Armor
30:28 Forging
30:18 Gold Mining
30:19 Stone Mining
31:16 Hand Cart
32:11 Conscription
33:48 Two-Man Saw
32:53 Town Patrol
32:44 Elite Tarkan
33:26 Husbandry
33:36 Bloodlines
34:36 Gold Shaft Mining
34:36 Atheism
35:54 Iron Casting
38:24 Blast Furnace
38:00 Plate Barding Armor
37:24 Bodkin Arrow
38:07 Caravan
42:16 Bracer
42:17 Padded Archer Armor
42:17 Scale Mail Armor
44:42 Thumb Ring
43:58 Elite Skirmisher
812508893
10:50 Feudal Age
11:23 Double-Bit Axe
12:02 Horse Collar
14:43 Castle Age
15:28 Wheelbarrow
15:54 Bow Saw
15:51 Heavy Plow
22:50 Gold Mining
24:30 Gold Shaft Mining
24:31 Hand Cart
24:48 Bloodlines
25:06 Forging
26:51 Stone Mining
30:09 Imperial Age
29:10 Fletching
29:59 Iron Casting
29:30 Padded Archer Armor
29:38 Scale Barding Armor
30:02 Ballistics
31:07 Husbandry
30:30 Elite Steppe Lancer
32:33 Conscription
31:38 Elite Mangudai
32:43 Loom
32:46 Town Watch
33:15 Thumb Ring
33:36 Parthian Tactics
33:11 Bodkin Arrow
33:47 Chain Barding Armor
33:45 Leather Archer Armor
34:53 Stone Shaft Mining
35:57 Iron Casting
35:23 Bracer
35:49 Arson
36:05 Squires
35:25 Pikeman
38:04 Blast Furnace
38:52 Chemistry
38:23 Scale Mail Armor
42:32 Caravan
44:20 Chain Mail Armor
Tulak Hord3920
0:32 Loom
10:34 Feudal Age
13:39 Horse Collar
20:00 Castle Age
20:06 Double-Bit Axe
20:15 Gold Mining
20:42 Pikeman
21:12 Town Watch
21:45 Bow Saw
24:41 Heavy Plow
25:59 Forging
26:35 Wheelbarrow
29:10 Imperial Age
27:53 Wheelbarrow
29:21 Halberdier
29:23 Light Cavalry
30:17 Bloodlines
30:09 Husbandry
30:45 Stone Mining
33:02 Hussar
33:20 Cavalier
39:46 Capped Ram
41:24 Scale Barding Armor
41:22 Scale Mail Armor
ali88
3:55 Loom
10:28 Feudal Age
10:56 Horse Collar
12:36 Double-Bit Axe
20:25 Castle Age
29:18 Town Watch
30:09 Wheelbarrow
31:01 Husbandry
34:07 Padded Archer Armor
35:12 Szlachta Privileges
37:08 Wheelbarrow
37:02 Scale Barding Armor
38:10 Fortified Wall
Soldaris
3:13 Loom
9:13 Feudal Age
10:03 Double-Bit Axe
10:56 Wheelbarrow
12:45 Gold Mining
12:40 Horse Collar
13:30 Stone Mining
19:46 Castle Age
20:37 Bow Saw
22:55 Heavy Plow
25:36 Hand Cart
30:49 Murder Holes
31:11 Caravan
34:22 Imperial Age
32:54 Masonry
32:56 Forging
32:36 Fletching
32:52 Scale Barding Armor
34:14 Gold Shaft Mining
34:42 Iron Casting
34:03 Bodkin Arrow
35:34 Chain Barding Armor
35:36 Conscription
35:47 Bloodlines
35:37 Husbandry
35:34 Elite Tarkan
37:52 Two-Man Saw
38:00 Bracer
39:00 Blast Furnace
38:02 Padded Archer Armor
37:36 Elite Skirmisher
40:15 Chemistry
39:36 Ballistics
39:52 Marauders
39:33 Pikeman
40:13 Squires
43:17 Plate Barding Armor
42:57 Leather Archer Armor
42:43 Scale Mail Armor
Komfy Kaiju
12:04 Feudal Age
13:33 Loom
17:18 Castle Age
15:09 Double-Bit Axe
15:07 Horse Collar
15:21 Stone Mining
15:55 Gold Mining
16:36 Loom
17:28 Wheelbarrow
20:14 Bow Saw
20:22 Heavy Plow
27:47 Ballistics
30:41 Imperial Age
28:30 Masonry
29:16 Forging
29:11 Scale Barding Armor
28:57 Fletching
31:39 Iron Casting
31:25 Chain Barding Armor
31:06 Padded Archer Armor
31:18 Bodkin Arrow
32:37 Two-Man Saw
32:14 Stone Shaft Mining
32:03 Hand Cart
31:34 Town Watch
32:59 Chemistry
31:55 Murder Holes
32:11 Fortified Wall
32:32 Architecture
33:08 Conscription
32:12 Elite Conquistador
33:50 Hoardings
34:13 Town Patrol
35:13 Plate Barding Armor
35:39 Blast Furnace
36:50 Squires
36:11 Pikeman
36:37 Gambesons
36:56 Scale Mail Armor
36:56 Bracer
38:13 Halberdier
38:41 Arson
39:16 Chain Mail Armor
39:26 Leather Archer Armor
41:30 Plate Mail Armor
41:31 Ring Archer Armor
44:31 Bombard Tower
Rackl Peter
11:49 Feudal Age
13:04 Double-Bit Axe
13:03 Horse Collar
15:36 Castle Age
14:12 Stone Mining
16:00 Loom
19:32 Bow Saw
20:55 Arson
21:22 Forging
21:39 Heavy Plow
27:24 Iron Casting
26:49 Scale Mail Armor
29:08 Squires
29:12 Scale Mail Armor
34:02 Imperial Age
32:53 Wheelbarrow
32:48 Chain Mail Armor
34:30 Onager
36:43 Pikeman
36:46 Elite Varangian Guard
37:14 Gambesons
38:51 Hand Cart
39:35 Siege Onager
40:03 Halberdier
42:32 Ballistics
42:18 Siege Engineers
46:16 Plate Mail Armor
46:46 Blast Furnace
47:30 Town Watch
Jert
11:24 Feudal Age
12:21 Loom
13:36 Double-Bit Axe
16:09 Castle Age
23:31 Fletching
26:37 Wheelbarrow
25:55 Gold Mining
26:18 Bow Saw
25:55 Pikeman
26:36 Bodkin Arrow
28:11 Yeomen
27:57 Scale Mail Armor
28:16 Squires
28:51 Horse Collar
29:41 Ballistics
30:15 Hand Cart
29:55 Town Watch
33:28 Imperial Age
32:41 Padded Archer Armor
33:40 Elite Longbowman
34:57 Conscription
34:45 Halberdier
35:36 Bracer
35:45 Capped Ram
37:43 Chemistry
37:05 Chain Mail Armor
38:22 Plate Mail Armor
38:49 Forging
38:55 Leather Archer Armor
39:36 Murder Holes
39:53 Fortified Wall
39:54 Masonry
40:34 Hoardings
48:12 Architecture
47:49 Siege Engineers
Connection lost

Rejoining the realm…

Still unreachable

The connection could not be restored.

Session expired

The server has moved on; the page needs a fresh start.